AoeStats
← Emnesty_x3

MegaRandom

508948450Analyzed
4v4 RM · 9d ago on Sep 24, 2026· 28m 49s· 8 players
Game mode
Random Map
Map size
Large (8 player)
Population
200
Speed
Normal
Resources
Standard
Victory
Conquest
Starting age
Dark Age
Ending age
Imperial Age
RankedLock teamsTeams togetherTeam positionsShared explorationLock speedFull tech treeHidden civsTurbo modeCheats
Victory
Defeat
🇩🇪 Ethiopians · Germany
1514
+14
🇧🇷 Mongols · Brazil
1446
+17
🇵🇪 Danes · Peru
1369
+20
🇦🇷 Varangians · Argentina
1348
+21
🇮🇱 Mongols · Israel
1490
-19
🇺🇸 Persians · United States
1465
-18
🇺🇸 Varangians · United States
1455
-18
🇹🇼 Ethiopians · Taiwan
1436
-17
boo
9:47 Feudal Age
10:25 Horse Collar
10:32 Double-Bit Axe
11:29 Loom
15:44 Castle Age
14:10 Gold Mining
16:22 Scale Mail Armor
19:45 Squires
25:22 Arson
zzzz123
8:29 Loom
10:44 Feudal Age
10:47 Man-at-Arms
11:15 Double-Bit Axe
15:20 Fletching
16:01 Padded Archer Armor
22:55 Wheelbarrow
26:26 Castle Age
25:53 Gold Mining
27:04 Bodkin Arrow
26:30 Crossbowman
26:43 Elite Skirmisher
28:03 Bow Saw
28:28 Leather Archer Armor
29:45 Ballistics
Wavelogic
2:41 Loom
10:50 Feudal Age
11:59 Double-Bit Axe
14:22 Horse Collar
21:42 Castle Age
21:15 Bloodlines
22:59 Bow Saw
24:31 Husbandry
24:39 Scale Barding Armor
27:07 Fletching
27:38 Town Watch
AML4554
8:11 Loom
10:36 Feudal Age
11:26 Double-Bit Axe
11:59 Horse Collar
16:14 Forging
17:57 Scale Barding Armor
21:15 Bloodlines
28:11 Castle Age
28:29 Wheelbarrow
27:58 Light Cavalry
29:08 Chain Barding Armor
Emnesty_x3
7:53 Loom
10:08 Feudal Age
10:46 Double-Bit Axe
13:04 Fletching
15:13 Horse Collar
21:42 Wheelbarrow
21:56 Padded Archer Armor
26:41 Castle Age
27:09 Crossbowman
28:28 Bodkin Arrow
LE | Andreu
2:08 Loom
12:20 Feudal Age
20:43 Castle Age
19:07 Fletching
21:23 Bodkin Arrow
21:52 Bloodlines
21:51 Gold Mining
23:35 Husbandry
24:56 Double-Bit Axe
28:00 Ballistics
Asenot
7:31 Loom
10:00 Feudal Age
10:51 Double-Bit Axe
11:46 Horse Collar
16:21 Wheelbarrow
18:07 Scale Barding Armor
19:41 Bloodlines
19:48 Forging
20:38 Bloodlines
24:48 Castle Age
23:30 Gold Mining
24:50 Light Cavalry
25:31 Husbandry
25:52 Chain Barding Armor
26:20 Bow Saw
26:12 Heavy Plow
28:49 Iron Casting
BruToO
5:20 Loom
9:42 Feudal Age
10:11 Double-Bit Axe
12:51 Horse Collar
17:10 Scale Barding Armor
18:06 Bloodlines
21:49 Castle Age
20:32 Forging
21:55 Light Cavalry
22:36 Husbandry
23:11 Fletching
24:08 Wheelbarrow
24:05 Bodkin Arrow
25:03 Bow Saw
24:55 Padded Archer Armor
Connection lost

Rejoining the realm…

Still unreachable

The connection could not be restored.

Session expired

The server has moved on; the page needs a fresh start.